 Dungeon Crawl Stone Soup version 0.23-a0-490-ge7ea69a (webtiles) character file.

561 zishaf the Changer (level 7, -1/37 HPs)
             Began as a Vine Stalker Transmuter on Dec 3, 2018.
             Was an Initiate of Ru.
             Slain by a merfolk impaler
             ... wielding a +1 demon trident of electrocution
             ... created by the fury of Okawaru
              (13 damage)
             ... on level 5 of the Dungeon.
             The game lasted 00:08:30 (3756 turns).

zishaf the Changer (Vine Stalker Transmuter)        Turns: 3756, Time: 00:08:31

Health: -1/37      AC:  3    Str: 13    XL:     7   Next: 31%
Magic:  0/11       EV: 17    Int: 15    God:    Ru [......]
Gold:   155        SH:  0    Dex: 14    Spells: 4/10 levels left

rFire    . . .     SeeInvis .   a - +2 flail (drain)
rCold    . . .     Gourm    .   (no shield)
rNeg     . . .     Faith    .   y - +0 leather armour
rPois    .         Spirit   +   (no helmet)
rElec    .         Reflect  .   (no cloak)
rCorr    .         Harm     .   (no gloves)
MR       .....                  (no boots)
Stlth    ++........             (no amulet)
HPRegen  0.52/turn              B - ring of stealth
MPRegen  0.12/turn              w - +5 ring of evasion

@: no status effects
A: fangs 2, regeneration 1, magic shield, antimagic bite, no potion heal 3, rot
immunity
a: Renounce Religion


You were on level 5 of the Dungeon.
You worshipped Ru.
Ru was noncommittal.
You were not hungry.

You visited 1 branch of the dungeon, and saw 5 of its levels.

You collected 155 gold pieces.

Inventory:

Hand Weapons
 a - a +2 flail of draining (weapon)
Missiles
 h - 106 stones
 j - 8 javelins (quivered)
 l - 2 needles of sleeping
 A - 25 arrows
 D - 19 poisoned needles
Armour
 b - a +0 robe
 f - a +0 chain mail
 i - a +0 plate armour
 y - a +0 leather armour (worn)
 z - a +0 ring mail
Jewellery
 v - an uncursed ring of flight
 w - a +5 ring of evasion (right hand)
 B - a ring of stealth (left hand)
Wands
 q - a wand of random effects (40)
Scrolls
 e - 4 scrolls of magic mapping
 g - 2 scrolls of remove curse
 k - 2 scrolls of amnesia {unknown}
 m - 2 scrolls of fog
 n - a scroll of fear {unknown}
 s - a scroll of enchant armour
 x - a scroll of immolation {unknown}
 C - a scroll of enchant weapon {unknown}
Potions
 p - a potion of curing
 t - a potion of mutation
 u - a potion of heal wounds
Comestibles
 r - 7 rations


   Skills:
 * Level 4.0 Fighting
 + Level 2.8 Dodging
 + Level 4.2 Unarmed Combat
 - Level 2.1 Spellcasting
 * Level 4.7 Transmutations


You had 4 spell levels left.
You knew the following spells:

 Your Spells              Type           Power        Failure   Level  Hunger
a - Beastly Appendage     Tmut           ###...       4%          1    #......
b - Blade Hands           Tmut           ###.......   73%         5    ######.

Your spell library contained the following spells:

 Spells                   Type           Power        Failure   Level  Hunger
 Sticks to Snakes         Tmut           ###.....     6%          2    ###....
 Spider Form              Tmut/Pois      #.........   30%         3    ###....
 Ice Form                 Ice/Tmut       #.......     71%         4    #####..


Dungeon Overview and Level Annotations

Branches:
Dungeon (5/15)             Temple (0/1) D:4

Altars:
Cheibriados
Gozag
Okawaru
Ru
Uskayaw
The Shining One

Annotations:
D:4 1 exclusion, Grinder
D:5 Dowan, Duvessa


Innate Abilities, Weirdness & Mutations

You have extremely sharp teeth.
Your natural rate of healing is unusually fast.
When hurt, damage is shared between your health and your magic reserves.
Your bite disrupts and absorbs the magic of your enemies.
Potions cannot restore your health.
You are immune to rotting.


Message History

You start resting.
Okawaru sends forces against you! 3 orcs, 2 merfolk, a merfolk impaler and a troll come into view.
The merfolk impaler is wielding a +1 demon trident of electrocution.
An orc The orc shouts!
You climb downwards.
Level annotation: Dowan, Duvessa The jelly misses you.
Duvessa barely misses you.
There is a stone staircase leading up, spattered with blood here.
You hit the jelly. You drain the jelly!
Your hands burn!
The jelly is heavily wounded.
The jelly closely misses you. Duvessa closely misses you.
The merfolk impaler hits you with a +1 demon trident of electrocution.
The jelly hits you but does no damage.
You sock the jelly!
You kill the jelly!
The centaur shoots an arrow.
The arrow hits you.
The merfolk impaler hits you with a +1 demon trident of electrocution!
You are electrocuted!
You die...

.......e. ........ ......
#...## # #...?###.###.
#>.#.........
###(...c...#
###...#.######
######...#.#..c.@e# ..
.......###.######m###....
.......###.######........
..........[..............
.......###.#####..##.....
#########..## ..## ##...
#..<......... .### ..
....#......# ## #
...#.......#


You could see a merfolk impaler, Duvessa and a centaur.

Vanquished Creatures
  Eustachio (D:4)
  A scorpion (D:4)
  A jelly (D:5)
  2 orc wizards (D:4)
  Ijyb (D:4)
  A worker ant (D:4)
  A hound skeleton (D:5)
  3 gnolls (D:4)
  7 adders
  2 oozes
  3 worms
  3 dart slugs
  3 leopard geckos
  15 orcs
  6 giant cockroaches
  7 goblins
  3 hobgoblins
  6 jackals
  9 bats
  3 frilled lizards
  8 kobolds
  A leopard gecko skeleton (D:2)
  6 rats
93 creatures vanquished.

Notes
Turn   | Place    | Note
-------+----------+-------------------------------------------
     0 | D:1      | zishaf the Vine Stalker Transmuter began the quest for the
                  | Orb.
     0 | D:1      | Reached XP level 1. HP: 9/9 MP: 4/4
     8 | D:1      | Reached skill level 1 in Fighting
    69 | D:1      | Reached XP level 2. HP: 9/14 MP: 6/6
  1153 | D:1      | Reached XP level 3. HP: 3/18 MP: 1/7
  1580 | D:2      | Found an iron altar of Okawaru.
  1890 | D:2      | Became a worshipper of Warmaster Okawaru
  1902 | D:2      | Gained mutation: Your natural rate of healing is unusually
                  | fast. [Vine Stalker growth]
  1902 | D:2      | Reached XP level 4. HP: 16/23 MP: 5/8
  2144 | D:2      | Found a snail-covered altar of Cheibriados.
  2180 | D:2      | Found an opulent altar of Gozag.
  2266 | D:2      | Found a hide-covered altar of Uskayaw.
  2429 | D:3      | Found a glowing golden altar of the Shining One.
  2441 | D:3      | Found a sacrificial altar of Ru.
  2523 | D:3      | Fell from the grace of Okawaru
  2523 | D:3      | Became a worshipper of Ru the Awakened
  2596 | D:3      | Reached XP level 5. HP: 20/27 MP: 6/9
  2663 | D:3      | Noticed a two-headed ogre
  2819 | D:4      | Noticed Eustachio
  2916 | D:4      | Killed Eustachio
  2916 | D:4      | Reached XP level 6. HP: 14/32 MP: 4/10
  2953 | D:4      | Learned a level 5 spell: Blade Hands
  2988 | D:4      | Noticed Ijyb
  3001 | D:4      | Killed Ijyb
  3141 | D:4      | Reached XP level 7. HP: 30/37 MP: 8/11
  3185 | D:4      | Noticed Grinder
  3316 | D:4      | Found a staircase to the Ecumenical Temple.
  3652 | D:5      | Entered Level 5 of the Dungeon
  3714 | D:5      | Noticed Duvessa
  3735 | D:5      | Noticed Dowan
  3753 | D:4      | Noticed a merfolk impaler
  3753 | D:4      | Noticed a merfolk
  3753 | D:4      | Noticed a merfolk
  3753 | D:4      | Noticed an orc knight
  3753 | D:4      | Noticed a troll
  3756 | D:5      | Slain by a merfolk impaler

Vault maps used:
D:1:      dpeg_arrival_simpleton_c, serial_bayou_lake_a
D:2:      lemuel_crystal_altar, old_standard_altar, marbit_many_paths,
          lemuel_crystal_altar
D:3:      lemuel_crystal_altar, lemuel_doored_altar, hex_large,
          minmay_misc_feat_iff
D:4:      minmay_temple_entry_hall, first_ration, uniq_eustachio, uniq_grinder,
          uniq_ijyb
D:5:      serial_shops, shop, basic_altar, minivault_26, interstate_on_off,
          uniq_duvessa

Skill      XL: |  1  2  3  4  5  6  7 |
---------------+----------------------+-----
Fighting       | 1 2 3 4 |  4.0
Dodging        | 2 |  2.8
Transmutations | 3 4 |  4.7
Unarmed Combat | 4 |  4.2
Spellcasting   | |  2.1

Action                   |  1- 3 |  4- 6 |  7- 9 || total
-------------------------+-------+-------+-------++-------
Melee: Unarmed           |   145 |   131 |       ||   276
       Bite              |    32 |    66 |     6 ||   104
       Punch             |       |    13 |       ||    13
       Mace              |       |   115 |       ||   115
       Flail             |       |       |    22 ||    22
  Use: Potion            |       |     2 |       ||     2
       Scroll            |       |       |     6 ||     6
 Stab: Sleeping          |       |     1 |     1 ||     2
  Eat: Ration            |     1 |       |       ||     1
       Chunk             |       |     4 |     2 ||     6
Armor: Robe              |     2 |       |       ||     2
       Chain mail        |    99 |    26 |       ||   125
       Leather armour    |       |    35 |     2 ||    37
       Skin              |       |     6 |       ||     6
Dodge: Dodged            |    47 |   185 |    27 ||   259

Table legend:
 A = Non-vault XP
 B = Vault XP
 C = Vault XP percentage of total XP
 D = Non-vault monster count
 E = Vault monster count
 F = Vault count percentage of total count
                 A         B        C        D         E       F
            +---------+---------+-------+---------+---------+-------
      Total |     549 |     253 |  31.5 |      90 |       3 |   3.2
            +---------+---------+-------+---------+---------+-------
        D:1 |      37 |       0 |   0.0 |      18 |       0 |   0.0
        D:2 |      65 |       1 |   1.5 |      26 |       1 |   3.7
        D:3 |      77 |       0 |   0.0 |      22 |       0 |   0.0
        D:4 |     293 |     252 |  46.2 |      20 |       2 |   9.1
        D:5 |      77 |       0 |   0.0 |       4 |       0 |   0.0
            +---------+---------+-------+---------+---------+-------
